 Dungeon Crawl Stone Soup version 0.21-a0-111-g52d2817 (webtiles) character file.

791 Gorglomux the Cleaver (level 7, 0/66 HPs)
             Began as a Hill Orc Abyssal Knight on July 11, 2017.
             Was a Priest of Lugonu.
             Slain by Duvessa
             ... wielding a +7 short sword of venom
              (14 damage)
             ... on level 5 of the Dungeon.
             The game lasted 00:07:19 (4711 turns).

Gorglomux the Cleaver (Hill Orc Abyssal Knight)     Turns: 4711, Time: 00:07:20

Health: 0/66       AC: 11    Str: 17    XL:     7   Next: 88%
Magic:  10/10      EV:  7    Int: 12    God:    Lugonu [***...]
Gold:   299        SH:  0    Dex: 10    Spells: 6/6 levels left

rFire    . . .     SeeInvis .   U - +2 hand axe (venom)
rCold    . . .     Gourm    .   (no shield)
rNeg     . . .     Faith    .   n - +0 chain mail (curse)
rPois    .         Spirit   .   X - +2 hat
rElec    .         Reflect  .   (no cloak)
rCorr    .         Harm     .   Y - +0 pair of gloves
MR       .....                  (no boots)
Stlth    ..........             (no amulet)
HPRegen  0.21/turn              (no ring)
MPRegen  0.12/turn              (no ring)

@: glowing
A: no striking features
a: Depart the Abyss, Bend Space, Banish, Renounce Religion


You were on level 5 of the Dungeon.
You worshipped Lugonu.
Lugonu was most pleased with you.
You were very hungry.

You visited 1 branch of the dungeon, and saw 6 of its levels.
You visited the Abyss 1 time.

You collected 299 gold pieces.

Inventory:

Hand Weapons
 U - a +2 hand axe of venom (weapon)
Missiles
 s - 5 javelins of returning (quivered)
Armour
 n - a cursed +0 chain mail (worn)
 X - a +2 hat (worn)
 Y - a +0 pair of gloves (worn)
Wands
 C - a wand of confusion (18/48)
Scrolls
 f - 2 scrolls of fear {unknown}
 g - 2 scrolls of blinking {unknown}
 q - 6 scrolls of remove curse {unknown}
 R - 5 scrolls of identify
 S - 2 scrolls of enchant armour {unknown}
 T - 4 scrolls of teleportation
 Z - 3 scrolls of amnesia {unknown}
Potions
 e - a potion of heal wounds {unknown}
 k - 2 potions of mutation {unknown}
 o - a potion of degeneration {unknown}
 p - 3 potions of brilliance {unknown}
 r - a potion of might {unknown}
 t - a potion of haste {unknown}
 A - a potion of flight {unknown}
 Q - a potion of curing
Comestibles
 c - 8 bread rations
 z - 4 meat rations
 W - 2 royal jellies


   Skills:
 - Level 7.0 Fighting
 + Level 8.2 Axes
 - Level 2.1 Armour
 - Level 0.7 Dodging
 + Level 4.9 Invocations


You had 6 spell levels left.
You didn't know any spells.

Dungeon Overview and Level Annotations

Branches:
Dungeon (6/15)
 Temple: D:4-7

Altars:
Hepliaklqana
Makhleb
Sif Muna
Vehumet
Xom

Annotations:
D:2 2 transporters, Terence
D:5 Duvessa
D:6 Blork the orc


Message History

You hit Duvessa.
You feel very sick.
You kill Dowan!
Lugonu accepts your kill.
Duvessa screams in rage.
Duvessa goes berserk!
Duvessa hits you with a short sword of venom!
You are more poisoned.
Unknown command.
You closely miss Duvessa.
Duvessa is almost dead.
* * * LOW HITPOINT WARNING * * *
You feel very sick. Duvessa completely misses you.
Duvessa hits you with a short sword of venom!
* * * LOW HITPOINT WARNING * * *
You are more poisoned.
You feel better.
Duvessa hits you with a short sword of venom!
You die...

####.#.##.# #.#
.....#'##.# #.#
####......####.#
...'...........#
####.....#########
# #.....# #....# #
#.....# #.##.# #
##########...e#
####### #.....#)@#
......# #.###.#..#
#####.# #........#
#.# ###..รท...#
#####.# #.(#####
....#.# #..####
....'.# #...^.#
....### #.###.#
....#######.# #


You could see Duvessa (berserk).

Vanquished Creatures
  Menkaure (D:5)
  An eye of draining (D:5)
  A water moccasin skeleton (D:5)
  Dowan (D:5)
  2 crimson imps (D:5)
  4 hounds
  An orc priest (D:3)
  2 orc wizards (D:3)
  A centaur skeleton (D:5)
  A worker ant (D:5)
  Robin (D:3)
  5 adders
  An ooze (D:2)
  2 worms (D:2)
  2 dart slugs
  A leopard gecko (D:1)
  4 orcs
  11 bats
  7 giant cockroaches
  11 hobgoblins
  8 jackals
  2 frilled lizards
  16 goblins
  A jackal skeleton (D:5)
  7 kobolds
  A leopard gecko skeleton (D:5)
  7 rats
102 creatures vanquished.

Notes
Turn   | Place    | Note
-------+----------+-------------------------------------------
     0 | Abyss:1  | Gorglomux the Hill Orc Abyssal Knight began the quest for the Orb.
     0 | Abyss:1  | Reached XP level 1. HP: 19/19 MP: 2/2
    44 | D:1      | Escaped the Abyss
   116 | D:1      | Reached skill level 3 in Axes
   122 | D:1      | Reached XP level 2. HP: 16/27 MP: 3/3
   840 | D:1      | Reached XP level 3. HP: 30/34 MP: 4/4
  1204 | D:2      | Found a shimmering altar of Xom.
  1282 | D:2      | Found a faded altar of an unknown god.
  1326 | D:2      | Reached skill level 4 in Axes
  1448 | D:2      | Reached ** piety under Lugonu
  1642 | D:2      | Reached XP level 4. HP: 39/41 MP: 5/5
  1643 | D:2      | Found a hazy altar of Hepliaklqana.
  1654 | D:2      | Noticed a bullfrog
  1657 | D:2      | Found a transporter.
  1671 | D:2      | Found a deep blue altar of Sif Muna.
  1801 | D:2      | Found a transporter.
  2027 | D:2      | Found a burning altar of Makhleb.
  2489 | D:3      | Noticed Terence
  2524 | D:3      | Reached XP level 5. HP: 48/48 MP: 6/6
  2775 | D:3      | Reached skill level 5 in Axes
  2811 | D:3      | Reached skill level 6 in Fighting
  2954 | D:3      | Noticed Robin
  2957 | D:3      | Reached XP level 6. HP: 52/57 MP: 7/7
  2964 | D:3      | Reached *** piety under Lugonu
  2966 | D:3      | Killed Robin
  3110 | D:3      | Found a radiant altar of Vehumet.
  3296 | D:4      | Reached skill level 6 in Axes
  3973 | D:5      | Entered Level 5 of the Dungeon
  4081 | D:5      | Noticed Menkaure
  4096 | D:5      | Killed Menkaure
  4096 | D:5      | Reached XP level 7. HP: 24/66 MP: 8/8
  4332 | D:5      | Reached skill level 7 in Axes
  4377 | D:5      | Reached skill level 3 in Invocations
  4660 | D:5      | Reached skill level 8 in Axes
  4699 | D:6      | Noticed Duvessa
  4699 | D:6      | Noticed Dowan
  4701 | D:6      | Noticed Blork the orc
  4709 | D:5      | Killed Dowan
  4711 | D:5      | Slain by Duvessa

Vault maps used:
D:1:      ncdulo_halloftheorcs
D:2:      marbit_many_paths, xom_teletrap_fun, gammafunk_temple_overflow_arena,
          first_bread, chequers_ecumenical_altar_simple,
          makhleb_blood_cavern_becter
D:3:      overflow_temple_1_default, uniq_robin, uniq_terence
D:5:      uniq_menkaure
D:6:      minmay_temple_entry_crystal_x, minmay_misc_feat_roman, uniq_duvessa,
          uniq_blork_the_orc

Skill      XL: |  1  2  3  4  5  6  7 |
---------------+----------------------+-----
Axes           | 3 4 5 6 8 |  8.2
Fighting       | 4 5 6 7 |  7.0
Invocations    | 4 |  4.9
Armour         | |  2.1
Dodging        | |  0.7

Action                   |  1- 3 |  4- 6 |  7- 9 || total
-------------------------+-------+-------+-------++-------
Melee: Hand axe          |   107 |   138 |    83 ||   328
Throw: Javelin           |       |     2 |       ||     2
Invok: Bend Space        |       |     1 |       ||     1
Evoke: Wand              |       |     1 |       ||     1
  Use: Scroll            |       |     2 |       ||     2
       Potion            |       |     1 |     1 ||     2
 Stab: Confused          |       |     1 |       ||     1
  Eat: Chunk             |     2 |     6 |     1 ||     9
       Royal jelly       |       |     1 |       ||     1
Armor: Leather armour    |    14 |       |       ||    14
       Chain mail        |    47 |    86 |    42 ||   175
Dodge: Dodged            |    59 |    47 |    22 ||   128
